 Dungeon Crawl Stone Soup version 0.30.0-10-gfe55d96785 (webtiles) character file.

Game seed: 2678079873704810555

292 Twinkles the Chopper (level 6, 0/56 HPs)
             Began as a Hill Orc Fighter on May 15, 2023.
             Succumbed to an adder's poison
             ... on level 4 of the Dungeon.
             The game lasted 00:06:10 (3597 turns).

Twinkles the Chopper (Hill Orc Fighter)             Turns: 3597, Time: 00:06:10

Health: 0/56       AC:  7    Str: 21    XL:     6   Next: 33%
Magic:  15/15      EV:  9    Int:  8    God:
Gold:   132        SH:  4    Dex: 10    Spells: 5/5 levels left

rFire   . . .        a - +0 war axe
rCold   . . .        c - +0 buckler
rNeg    . . .        b - +0 scale mail
rPois   .            (no helmet)
rElec   .            (no cloak)
rCorr   .            (no gloves)
SInv    .            (no boots)
Will    .....        (no amulet) Stlth
                     j - ring of magical power
HPRegen 0.29/turn    (no ring)
MPRegen 0.14/turn

%: no passive effects
@: lethally poisoned (0 -> -1)
A: no striking features
a: no special abilities


You were on level 4 of the Dungeon.
You visited 1 branch of the dungeon, and saw 4 of its levels.

You collected 184 gold pieces.
You spent 52 gold pieces at shops.

Inventory:

Hand Weapons
 a - a +0 war axe (weapon)
Armour
 b - a +0 scale mail (worn)
 c - a +0 buckler (worn)
Jewellery
 j - a ring of magical power (left hand)
 n - a ring of willpower
Wands
 q - a wand of flame (22)
Scrolls
 e - a scroll of fear {unknown}
 g - a scroll of teleportation {unknown}
 h - a scroll of enchant armour {unknown}
 i - a scroll of fog {unknown}
 k - a scroll of amnesia {unknown}
 K - 2 scrolls of immolation
Potions
 H - a potion of haste
 L - a potion of flight
 M - 5 potions of might


   Skills:
 + Level 5.1 Fighting
 * Level 6.3 Axes
 + Level 4.6 Armour
 - Level 3.3 Shields


You had 5 spell levels left.
You didn't know any spells.
Your spell library was empty.

Dungeon Overview and Level Annotations

Branches:
Dungeon (4/15) Zot: 20320
 Temple: D:4-7

Altars:
Fedhas
Nemelex Xobeh

Shops:
D:1 *==   D:2 ?

Annotations:
D:4 Robin


Message History

The quokka bites you but does no damage.
Things that are here:
a +0 dagger; a +0 robe; an orc corpse You feel less confused.
You feel sick. You block the quokka's attack.
You barely miss the adder. You slash the quokka!
You kill the quokka!
You feel sick.
You are no longer poisoned.
The adder bites you but does no damage. The adder barely misses you.
You miss the adder. The adder bites you but does no damage.
You completely miss the adder. The adder closely misses you.
The adder bites you.
* * * LOW HITPOINT WARNING * * *
You are poisoned.
The adder poisons you!
You hit the adder.
The adder is lightly wounded.
You feel sick. The adder bites you.
* * * LOW HITPOINT WARNING * * *
You are more poisoned.
The adder poisons you! The adder barely misses you.
You closely miss the adder.
The adder is lightly wounded.
You feel sick. The adder closely misses you.
You closely miss the adder.
The adder is lightly wounded.
* * * LOW HITPOINT WARNING * * *
You feel sick. The adder bites you but does no damage.
The adder barely misses you.
You barely miss the adder.
The adder is lightly wounded.
You feel sick. The adder bites you.
* * * LOW HITPOINT WARNING * * *
Okay, then.
Unknown command.
Okay, then.
Unknown command.
It was a potion of magic.
Magic courses through your body.
You die...

.................
.................
.........:.........####.
....................##..
........................
............>.........)#
..........!.............
.......@..).............
........S).......)......
...........)))...)).?...
#######......)..........
#..###.............
.....# ##............
..###$. ##........... .
##. .............
###...........


You could see an adder.

Vanquished Creatures
  An orc priest (D:4)
  Jessica (D:2)
  Ijyb (D:4)
  3 orc wizards
  4 adders
  A dart slug (D:4)
  8 orcs
  9 endoplasms
  2 giant cockroaches
  10 goblins
  7 hobgoblins
  10 jackals
  2 quokkas
  7 ball pythons
  6 bats
  3 frilled lizards (D:3)
  6 kobolds
  7 rats
88 creatures vanquished.

Notes
Turn   | Place    | Note
-------+----------+-------------------------------------------
     0 | D:1      | Twinkles the Hill Orc Fighter began the quest for the Orb.
     0 | D:1      | Reached XP level 1. HP: 19/19 MP: 1/1
   107 | D:1      | Reached skill level 3 in Axes
   134 | D:1      | Reached XP level 2. HP: 27/27 MP: 2/2
   246 | D:1      | Found Zyabiw's Assorted Antiques.
   365 | D:1      | Found Utif's Jewellery Emporium.
   394 | D:1      | Found Putut's Jewellery Boutique.
   634 | D:1      | Reached XP level 3. HP: 33/33 MP: 3/3
  1131 | D:2      | Noticed Jessica
  1134 | D:2      | Reached skill level 4 in Axes
  1134 | D:2      | Killed Jessica
  1135 | D:2      | Reached XP level 4. HP: 39/40 MP: 3/4
  1336 | D:2      | Found Vyufeesi's Magic Scroll Shop.
  1348 | D:2      | Bought a scroll of identify for 28 gold pieces
  1924 | D:1      | Bought a scroll labelled YVVATE NEFUO for 24 gold pieces
  2114 | D:3      | HP: 9/41 [orc wizard/puff of flame (10)]
  2119 | D:3      | HP: 4/41 [orc wizard/+0 dagger (3)]
  2121 | D:3      | Reached skill level 5 in Axes
  2121 | D:3      | Reached XP level 5. HP: 5/47 MP: 5/5
  2922 | D:3      | Found a blossoming altar of Fedhas.
  2922 | D:3      | Found a sparkling altar of Nemelex Xobeh.
  3348 | D:4      | Noticed a phantom
  3348 | D:4      | Noticed Ijyb
  3352 | D:4      | Noticed Robin
  3356 | D:4      | Paralysed by Ijyb for 5 turns
  3368 | D:4      | HP: 15/47 [Ijyb/+0 dagger (4)]
  3369 | D:4      | Killed Ijyb
  3375 | D:4      | HP: 15/47 [hobgoblin (1)]
  3382 | D:3      | HP: 12/47 [hobgoblin (4)]
  3573 | D:4      | Reached skill level 5 in Fighting
  3573 | D:4      | Reached skill level 6 in Axes
  3573 | D:4      | Reached XP level 6. HP: 27/56 MP: 6/6
  3573 | D:4      | HP: 18/56 [something (2)]
  3579 | D:4      | HP: 11/56 [something/magic dart (3)]
  3586 | D:4      | HP: 19/56 [poisoned by an adder]
  3592 | D:4      | HP: 11/56 [adder (3)]
  3594 | D:4      | HP: 5/56 [poisoned by an adder]
  3596 | D:4      | HP: 1/56 [adder (2)]
  3597 | D:4      | Succumbed to an adder's poison

Illustrated notes

Levels and vault maps discovered:
D:1:      dpeg_arrival_houses_and_road, layout_basic, serial_shops,
          nicolae_shop_gaudy_bauble, shop, nicolae_shop_real_fake_doors
D:2:      layout_basic, serial_co_window_serial, co_window_paths_b,
          co_window_of_opportunity_a, co_window_corner_a, co_window_corner_a,
          co_window_paths_a, co_window_paths_a, co_window_cross_1,
          co_window_paths_c, co_window_corner_b, co_window_unsneaky_path_c,
          glass_columns_c, glass_columns_a, glass_columns_a, glass_columns_a,
          glass_columns_c, serial_shops, nicolae_shop_rolling_square,
          serial_park_tiny_pond, uniq_jessica
D:3:      layout_basic, gammafunk_temple_overflow_elements,
          minmay_misc_feat_ornament
D:4:      layout_layer_cave, nicolae_goblin_pals, uniq_crazy_yiuf_cottage,
          uniq_edmund

Skill      XL: |  1  2  3  4  5 |
---------------+----------------+-----
Axes           | 3 4 5 6 |  6.3
Fighting       | 4 5 |  5.1
Armour         | 4 |  4.6
Shields        | |  3.3

Action                     |  1- 3 |  4- 6 || total
---------------------------+-------+-------++-------
  Melee: War axe           |    90 |   170 ||   260
    Use: Scroll            |       |     5 ||     5
         Potion            |       |     2 ||     2
 Armour: Scale mail        |    55 |   102 ||   157
  Dodge: Dodged            |    54 |    84 ||   138
  Block: Buckler           |    22 |    40 ||    62
